 Dungeon Crawl Stone Soup version 0.27-a0-1137-g3ef0f4ec91 (webtiles) character file.

Game seed: 4917230399346807831

39 1player the Ruffian (level 3, -1/33 HPs)
             Began as a Ghoul Monk on May 6, 2021.
             Shot with a stone by a goblin (5 damage)
             ... led by Robin
             ... on level 2 of the Dungeon.
             The game lasted 00:04:30 (1312 turns).

1player the Ruffian (Ghoul Monk)                    Turns: 1312, Time: 00:04:30

Health: -1/33      AC:  2    Str: 14    XL:     3   Next: 45%
Magic:  2/2        EV: 12    Int:  6    God:
Gold:   70         SH:  0    Dex: 11    Spells: 2/2 levels left

rFire    . . .     SeeInvis .     - Unarmed
rCold    + . .     Faith    .   (no shield)
rNeg     + + +     Spirit   .   a - +0 robe
rPois    ∞         Reflect  .   (no helmet)
rElec    .         Harm     .   (no cloak)
rCorr    .         Rampage  .   (no gloves)
Will     .....                  (no boots)
Stlth    ++........             (no amulet)
HPRegen  0.00/turn              (no ring)
MPRegen  0.08/turn              (no ring)

@: no status effects
A: claws 1, cold resistance 1, negative energy resistance 3, inhibited
regeneration, torment resistance 2, unbreathing 1
a: no special abilities


You were on level 2 of the Dungeon.
You visited 1 branch of the dungeon, and saw 2 of its levels.

You collected 70 gold pieces.

Inventory:

Missiles
 c - 14 poisoned darts (quivered)
Armour
 a - a +0 robe (worn)
 b - a +0 scale mail
Scrolls
 d - a scroll of noise {unknown}
 e - a scroll of identify {@r1}
 f - a scroll of enchant armour {unknown}
Potions
 g - a potion of attraction


   Skills:
 + Level 4.1 Fighting
 - Level 2.6 Dodging
 - Level 2.1 Stealth
 + Level 4.1 Unarmed Combat


You had 2 spell levels left.
You didn't know any spells.
Your spell library was empty.

Dungeon Overview and Level Annotations

Branches:
Dungeon (2/15)

Altars:

Annotations:
D:2 Robin, Terence


Innate Abilities, Weirdness & Mutations

You thrive by killing the living.
You are immune to poison.
You have sharp fingernails.
Your flesh is cold resistant. (rC+)
You are immune to negative energy. (rN+++)
You do not regenerate when monsters are visible.
You are immune to unholy pain and torment.
You can survive without breathing.


Message History

You barely miss the goblin. The goblin hits you with a +0 dagger.
You scratch the goblin.
The goblin is almost dead.
You scratch the goblin.
You kill the goblin!
You feel better. The goblin hits you with a +0 dagger.
You scratch Robin but do no damage. The goblin hits you with a +0 dagger.
Robin hits you with a +0 spear of flaming.
Robin burns you.
The goblin unwields a +0 dagger.
The goblin wields a +0 hunting sling.
The goblin shoots a stone.
The stone misses you. Robin barely misses you.
Robin roars a battlecry!
The goblin goes into a battle-frenzy!
Robin throws the goblin at you!
The goblin unwields a +0 hunting sling.
The goblin wields a +0 dagger.
The goblin misses you. Robin closely misses you.
You barely miss the goblin. Robin closely misses you.
The goblin barely misses you. Robin barely misses you.
The goblin barely misses you. The goblin closely misses you.
The goblin misses you.
The goblin unwields a +0 dagger.
The goblin wields a +0 hunting sling.
The goblin shoots a stone.
The stone hits you.
You open the door. Robin barely misses you.
There is an open door here.
Robin throws the goblin at you!
You closely miss the goblin.
The goblin unwields a +0 hunting sling.
The goblin wields a +0 dagger.
The goblin hits you with a +0 dagger.
You scratch the goblin but do no damage.
The goblin hits you with a +0 dagger.
Robin hits you from afar with a +0 spear of flaming.
Robin burns you.
You barely miss the goblin. The goblin hits you with a +0 dagger.
* * * LOW HITPOINT WARNING * * *
The goblin unwields a +0 dagger.
The goblin wields a +0 hunting sling.
The goblin shoots a stone.
The stone hits you.
* * * LOW HITPOINT WARNING * * *
Robin roars a battlecry!
The goblin shoots a stone.
The stone hits you.
You die...

####.# #.##### #.#.###.# #.#
##'## #.#.##... #.# ##...##
#.#.###.# ###.# ##.....##
##.#..##.. ##.#.# ##.......##
##..##.##.#
##....###.........####.........#
#.......'.....).................
##....###.....)...........#.####
##.#.# ##.....@.#.####.#.#.#
###.# ##.g...##.# ####.#.# #.#
##...## #......# ..# ##g##
#.##.### ### #.# #.##.# #.#
#.###†##.# ##.## #........#
##g..#######.#### #####.....#
#.#


You could see Robin and a goblin (strong).

Vanquished Creatures
  An adder (D:2)
  2 dart slugs
  2 ball pythons (D:1)
  A bat (D:1)
  3 hobgoblins
  5 jackals (D:1)
  2 quokkas
  2 goblins (D:2)
  A kobold (D:1)
  6 rats
25 creatures vanquished.

Notes
Turn   | Place    | Note
-------+----------+-------------------------------------------
     0 | D:1      | 1player the Ghoul Monk began the quest for the Orb.
     0 | D:1      | Reached XP level 1. HP: 19/19 MP: 0/0
   142 | D:1      | Reached XP level 2. HP: 21/26 MP: 1/1
   945 | D:2      | Reached XP level 3. HP: 31/33 MP: 2/2
  1062 | D:2      | Noticed Terence
  1255 | D:2      | Noticed Robin
  1312 | D:2      | Shot with a stone by a goblin

Illustrated notes

Levels and vault maps discovered:
D:1:      tarquinn_simple_flora_water_c, layout_basic, grunt_decor_cap,
          chequers_serial_rivers_small_b
D:2:      layout_loops_corners, hellmonk_ecumenical_altar_zigzags, st_stairs_13,
          uniq_terence, uniq_robin

Skill      XL: |  1  2  3 |
---------------+----------+-----
Fighting       | 4 |  4.1
Unarmed Combat | 4 |  4.1
Dodging        | |  2.6
Stealth        | |  2.1

Action                   || total
-------------------------++-------
Melee: Unarmed           ||    83
       Punch             ||     1
  Use: Scroll            ||     1
 Stab: Sleeping          ||     1
Armor: Robe              ||     7
Dodge: Dodged            ||    58

Table legend: (Time is in decaauts)
 A = Elapsed time spent in this place.
 B = Non-inter-level travel time spent in this place.
 C = Inter-level travel time spent in this place.
 D = Time resting spent in this place.
 E = Time spent auto-exploring this place.
 F = Levels seen in this place.
 G = Mean time per level.
                   A        B        C        D        E       F      G
               +--------+--------+--------+--------+--------+-----+--------+
         Total |   1306 |   1260 |     46 |    314 |    664 |   2 |  653.0 |
       Dungeon |   1306 |   1260 |     46 |    314 |    664 |   2 |  653.0 |
               +--------+--------+--------+--------+--------+-----+--------+

Top non-repeatable levels by time:
     D:1: 934 daAuts
     D:2: 372 daAuts
